 Dungeon Crawl Stone Soup version 0.25-a0-1057-gcb8d101 (webtiles) character file.

Game seed: 6990809788547880380, levelgen mode: deterministic

5007 Faca the Grappler (level 10, -10/97 HPs)
             Began as a Ghoul Gladiator on May 13, 2020.
             Was a High Priest of Okawaru.
             Mangled by a two-headed ogre
             ... wielding a +0 giant club
              (17 damage)
             ... on level 9 of the Dungeon.
             The game lasted 00:11:55 (8610 turns).

Faca the Grappler (Ghoul Gladiator)                 Turns: 8610, Time: 00:11:55

Health: -10/97     AC: 14    Str: 27    XL:     10   Next: 54%
Magic:  9/9        EV:  9    Int:  3    God:    Okawaru [*****.]
Gold:   244        SH:  0    Dex: 10    Spells: 9/9 levels left

rFire    . . .     SeeInvis .     - Unarmed
rCold    + + .     Gourm    .   (no shield)
rNeg     + + +     Faith    .   a - +0 chain mail
rPois    ∞         Spirit   .   b - +1 helmet
rElec    .         Reflect  .   q - +2 cloak
rCorr    .         Harm     .   (no gloves)
MR       +....                  k - +0 pair of boots "Xottorig" {MR+}
Stlth    ..........             (no amulet)
HPRegen  0.00/turn              h - +5 ring of strength
MPRegen  0.11/turn              e - ring of protection from cold

@: rotting
A: rotting body, claws 1, carnivore, cold resistance 1, negative energy
resistance 3, inhibited regeneration, torment resistance, unbreathing
a: Heroism, Finesse, Renounce Religion


You were on level 9 of the Dungeon.
You worshipped Okawaru.
Okawaru was extremely pleased with you.
You were not hungry.

You visited 1 branch of the dungeon, and saw 9 of its levels.

You collected 405 gold pieces.
You spent 161 gold pieces at shops.

Inventory:

Hand Weapons
 w - a cursed -2 giant club
Missiles
 c - 5 throwing nets
 i - 23 boomerangs (quivered)
 A - 6 silver javelins
Armour
 a - a +0 chain mail (worn)
 b - a +1 helmet (worn)
 k - the +0 pair of boots "Xottorig" (worn) {MR+}
   (You acquired it on level 7 of the Dungeon)

   It affects your resistance to hostile enchantments.
 q - a +2 cloak (worn)
Jewellery
 e - a ring of protection from cold (right claw)
 h - a +5 ring of strength (left claw)
Wands
 l - a wand of clouds (1)
 m - a wand of iceblast (6)
 x - a wand of digging (9)
 B - a wand of flame (15)
Scrolls
 n - 2 scrolls of enchant armour
 r - 3 scrolls of enchant weapon
 t - 2 scrolls of teleportation
 u - 3 scrolls of fear
 v - a scroll of blinking
 y - a scroll of magic mapping
Potions
 f - a potion of cancellation
 g - 2 potions of curing
 j - 2 potions of heal wounds {unknown}
 o - a potion of lignification {unknown}
 p - a potion of stabbing {unknown}
 s - 5 potions of flight
Comestibles
 d - 21 rations
 z - 4 chunks of flesh


   Skills:
 + Level 11.8 Fighting
 - Level 1.7 Throwing
 - Level 2.6 Dodging
 + Level 12.0 Unarmed Combat


You had 9 spell levels left.
You didn't know any spells.
Your spell library contained the following spells:

 Spells                   Type           Power        Failure   Level  Hunger
 Animate Skeleton         Necr           N/A          99%         1    ##.....
 Apportation              Tloc           #.....       99%         1    ##.....
 Corona                   Hex            #......      99%         1    ##.....
 Freeze                   Ice            #...         99%         1    ##.....
 Summon Small Mammal      Summ           #...         99%         1    ##.....
 Frozen Ramparts          Ice            #.....       100%        3    ####...
 Ozocubu's Armour         Chrm/Ice       #.......     100%        3    ####...
 Hailstorm                Conj/Ice       #.......     100%        4    #####..
 Summon Ice Beast         Ice/Summ       #.......     100%        4    #####..


Dungeon Overview and Level Annotations

Branches:
Dungeon (9/15)             Temple (0/1) D:6
   Lair: D:8-11         Orc: D:9-12

Altars:
Dithmenos
Hepliaklqana
Okawaru
Sif Muna
Trog
Wu Jian

Shops:
D:4 }?}   D:5 ==!


Innate Abilities, Weirdness & Mutations

Your body is rotting away.
You thrive on raw meat.
You are immune to poison.
You have sharp fingernails.
You are carnivorous and can eat meat at any time.
Your flesh is cold resistant. (rC+)
You are immune to negative energy. (rN+++)
You do not regenerate when monsters are visible.
You are immune to unholy pain and torment.
You can survive without breathing.


Message History

The troll bites you. The troll claws you.
The troll claws you but does no damage.
The two-headed ogre hits you with a +0 giant club!
The two-headed ogre hits you with a +0 giant spiked club.
You barely miss the troll.
The troll is severely wounded.
The troll bites you!
* * * LOW HITPOINT WARNING * * *
The troll barely misses you. The troll closely misses you.
You scratch the troll but do no damage.
The troll is severely wounded.
The two-headed ogre hits you with a +0 giant club!
* * * LOW HITPOINT WARNING * * *
The two-headed ogre closely misses you. The troll bites you.
* * * LOW HITPOINT WARNING * * *
The troll barely misses you. The troll completely misses you.
You scratch the troll.
The troll is almost dead.
The two-headed ogre hits you with a +0 giant club!
You die...

#.........#
#.........+
#.........#
#.........#
#.........#
#.........#
#...O.....#
#...@T....#
#.<.......#
######+####


You could see a two-headed ogre and a troll.

Vanquished Creatures
  Maggie (D:7)
  A polar bear (D:8)
  A yak (D:8)
  Menkaure (D:5)
  3 water moccasins (D:8)
  7 ice beasts
  3 sky beasts
  6 ogres
  An orc warrior (D:8)
  2 black bears
  2 phantoms (D:6)
  A necrophage (D:5)
  2 wolves (D:8)
  2 centaurs
  3 bullfrogs
  A water moccasin zombie (D:7)
  A water moccasin skeleton (D:4)
  A wyvern skeleton (D:6)
  4 howler monkeys
  A bullfrog zombie (D:6)
  4 crimson imps
  3 hounds
  6 orc priests
  5 orc wizards
  3 bullfrog skeletons
  2 iguanas
  7 worker ants
  A killer bee zombie (D:6)
  A bullfrog simulacrum (D:8)
  2 hound skeletons
  11 adders
  3 gnolls (D:2)
  A shadow imp (D:5)
  3 white imps (D:8)
  An ooze (D:4)
  An adder zombie (D:6)
  3 adder skeletons
  A worm (D:5)
  3 dart slugs
  2 leopard geckos
  20 orcs
  2 giant cockroaches
  2 goblins
  3 hobgoblins
  19 jackals
  3 quokkas
  2 ball pythons (D:2)
  3 bats (D:2)
  4 frilled lizards (D:1)
  A jackal simulacrum (D:8)
  8 kobolds
  A leopard gecko zombie (D:5)
  A quokka zombie (D:6)
  5 rats
181 creatures vanquished.

Notes
Turn   | Place    | Note
-------+----------+-------------------------------------------
     0 | D:1      | Faca the Ghoul Gladiator began the quest for the Orb.
     0 | D:1      | Reached XP level 1. HP: 17/17 MP: 0/0
   209 | D:1      | Reached XP level 2. HP: 24/25 MP: 1/1
   825 | D:2      | Reached XP level 3. HP: 22/31 MP: 2/2
   832 | D:2      | Reached skill level 4 in Unarmed Combat
  1902 | D:2      | Reached XP level 4. HP: 38/38 MP: 3/3
  2714 | D:3      | Found an iron altar of Okawaru.
  2722 | D:3      | Noticed a sky beast
  2746 | D:3      | Killed a sky beast
  2746 | D:3      | Reached skill level 5 in Unarmed Combat
  2746 | D:3      | Reached XP level 5. HP: 14/47 MP: 4/4
  2759 | D:3      | Became a worshipper of Warmaster Okawaru
  3127 | D:3      | Found a bloodstained altar of Trog.
  3237 | D:4      | Noticed an ogre
  3247 | D:4      | Killed an ogre
  3247 | D:4      | Reached skill level 5 in Fighting
  3247 | D:4      | Reached XP level 6. HP: 29/56 MP: 5/5
  3432 | D:4      | Reached skill level 6 in Unarmed Combat
  3548 | D:4      | Noticed an ice beast
  3555 | D:4      | Killed an ice beast
  3555 | D:4      | Reached * piety under Okawaru
  3555 | D:4      | Reached XP level 7. HP: 62/62 MP: 6/6
  3753 | D:4      | Found Fifer's Gadget Emporium.
  3766 | D:4      | Found an ornate altar of the Wu Jian Council.
  3767 | D:4      | Found a hazy altar of Hepliaklqana.
  3940 | D:4      | Found Viloakk's Magic Scroll Shoppe.
  4019 | D:4      | Bought a scroll of blinking for 75 gold pieces
  4179 | D:4      | Found Ruhaiz's Gadget Emporium.
  4323 | D:4      | Reached skill level 7 in Unarmed Combat
  4330 | D:4      | Found a shimmering blue altar of Sif Muna.
  4494 | D:5      | Entered Level 5 of the Dungeon
  4665 | D:5      | Reached ** piety under Okawaru
  4665 | D:5      | Reached XP level 8. HP: 60/72 MP: 7/7
  4675 | D:5      | Noticed Menkaure
  4684 | D:5      | Killed Menkaure
  4700 | D:5      | Reached skill level 8 in Unarmed Combat
  4766 | D:5      | Found Loluu's Jewellery Emporium.
  4816 | D:5      | Bought a cursed ring of attention for 58 gold pieces
  4838 | D:5      | Found Juerai Huhui's Distillery.
  5000 | D:5      | Bought 2 potions of degeneration for 28 gold pieces
  5263 | D:5      | Reached skill level 9 in Unarmed Combat
  5321 | D:5      | Found Vizehish's Jewellery Emporium.
  5517 | D:6      | Reached *** piety under Okawaru
  5517 | D:6      | Reached XP level 9. HP: 46/83 MP: 8/8
  5813 | D:6      | Found a shadowy altar of Dithmenos.
  5848 | D:6      | Found a staircase to the Ecumenical Temple.
  6194 | D:6      | Reached skill level 10 in Unarmed Combat
  6527 | D:7      | Reached skill level 10 in Fighting
  6734 | D:7      | Reached **** piety under Okawaru
  6876 | D:7      | Noticed Maggie
  6897 | D:7      | Killed Maggie
  7234 | D:7      | Reached skill level 11 in Unarmed Combat
  7237 | D:7      | Reached XP level 10. HP: 67/93 MP: 9/9
  7448 | D:7      | Identified a scroll of acquirement
  7448 | D:7      | Identified the amulet of Amelioration {Faith rElec Str-2
                  | Int+4} (You acquired it on level 7 of the Dungeon)
  7448 | D:7      | Identified the +0 pair of boots "Xottorig" {MR+} (You
                  | acquired it on level 7 of the Dungeon)
  7730 | D:8      | Reached ***** piety under Okawaru
  8496 | D:8      | Received a gift from Okawaru
  8500 | D:8      | Reached skill level 12 in Unarmed Combat
  8599 | D:9      | Noticed a two-headed ogre
  8610 | D:9      | Mangled by a two-headed ogre

Illustrated notes

Levels and vault maps discovered:
D:1:      nicolae_arrival_memento_mori, layout_basic, serial_park_tiny_pond,
          serial_bayou_pond_a
D:2:      layout_loops_corners
D:3:      layout_basic, lightli_temple_of_fire, lemuel_round_altar
D:4:      layout_basic, nicolae_overflow_hidden_temple, serial_shops, shop,
          shop, shop
D:5:      layout_gridville, serial_shops, shop, shop, shop, first_ration,
          uniq_menkaure
D:6:      layout_basic, lemuel_doored_altar, minmay_temple_entry_large_hall,
          skrybe_limestone_x, st_stairs_12
D:7:      layout_rooms, grunt_ogre_cave, uniq_maggie
D:8:      layout_rooms, serial_ice, serial_ice_o, serial_ice_e, serial_ice_c,
          serial_ice_b
D:9:      layout_roguey, lair_entry_dummy

Skill      XL: |  1  2  3  4  5  6  7  8  9 10 |
---------------+-------------------------------+-----
Fighting       | 3 4 5 7 9 10 11 | 11.8
Unarmed Combat | 4 5 6 7 9 11 12 | 12.0
Throwing       | |  1.7
Dodging        | |  2.6

Action                   |  1- 3 |  4- 6 |  7- 9 | 10-12 || total
-------------------------+-------+-------+-------+-------++-------
Melee: Unarmed           |   119 |    87 |   334 |   119 ||   659
       Punch             |       |     1 |    10 |     3 ||    14
  Use: Scroll            |     3 |     5 |     4 |     5 ||    17
  Eat: Chunk             |     4 |     4 |    14 |     6 ||    28
Armor: Leather armour    |     3 |       |       |       ||     3
       Ring mail         |    43 |    25 |    69 |       ||   137
       Chain mail        |       |       |    59 |    70 ||   129
Dodge: Dodged            |    79 |    51 |   157 |    49 ||   336

Table legend:
 A = Non-vault XP
 B = Vault XP
 C = Vault XP percentage of total XP
 D = Non-vault monster count
 E = Vault monster count
 F = Vault count percentage of total count
                 A         B        C        D         E       F
            +---------+---------+-------+---------+---------+-------
      Total |    5348 |    1806 |  25.2 |     166 |      15 |   8.3
            +---------+---------+-------+---------+---------+-------
        D:1 |      30 |       0 |   0.0 |      13 |       0 |   0.0
        D:2 |     109 |       0 |   0.0 |      27 |       0 |   0.0
        D:3 |     138 |       0 |   0.0 |       5 |       0 |   0.0
        D:4 |     673 |       0 |   0.0 |      21 |       0 |   0.0
        D:5 |    1181 |     169 |  12.5 |      34 |       1 |   2.9
        D:6 |     777 |     113 |  12.7 |      14 |       1 |   6.7
        D:7 |    1116 |     475 |  29.9 |      22 |       2 |   8.3
        D:8 |    1324 |    1049 |  44.2 |      30 |      11 |  26.8
            +---------+---------+-------+---------+---------+-------
